 Dungeon Crawl Stone Soup version 0.26-a0-540-g8a0c9464d7 (webtiles) character file.

Game seed: 6040297712014011559

(classic levelgen) 14806 EnegeticOcto the Severer (level 11, 0/99 HPs)
             Began as a Deep Dwarf Fighter on Aug 17, 2020.
             Was a Priest of the Shining One.
             Succumbed to a wolf spider's poison
             ... on level 2 of the Spider Nest.
             The game lasted 00:14:56 (2995 turns).

EnegeticOcto the Severer (Deep Dwarf Fighter)       Turns: 2995, Time: 00:14:56

Health: 0/99       AC: 19    Str: 23    XL:     11   Next: 93%
Magic:  12/12      EV:  4    Int:  7    God:    the Shining One [***...]
Gold:   368        SH:  0    Dex: 15    Spells: 10/10 levels left

rFire    . . .     SeeInvis .   B - +5 war axe "Ball" {distort, Int-2 Dex+3}
rCold    . . .     Faith    .   c - +0 kite shield
rNeg     + . .     Spirit   .   g - +0 plate armour
rPois    .         Reflect  .   (no helmet)
rElec    .         Harm     .   s - +2 cloak
rCorr    +                      (no gloves)
MR       +....                  y - +2 pair of boots
Stlth    ..........             z - amulet of inaccuracy (curse)
HPRegen  0.00/turn              (no ring)
MPRegen  0.13/turn              q - ring of resist corrosion

@: confused, lethally poisoned (0 -> -3), non-regenerating, glowing
A: damage resistance, heal wounds, yellow scales 1, blurry vision 1, sense
surroundings 2, no regeneration
a: Heal Wounds, Divine Shield, Renounce Religion


You were on level 2 of the Spider Nest.
You worshipped the Shining One.
The Shining One was most pleased with you.
You visited 4 branches of the dungeon, and saw 17 of its levels.

You collected 368 gold pieces.

Inventory:

Hand Weapons
 a - a +0 broad axe
 u - a +3 scimitar of flaming
 w - a +0 war axe
 B - the +5 war axe "Ball" (weapon) {distort, Int-2 Dex+3}
   (You took it off an orc warrior on level 11 of the Dungeon)

   It warps and distorts space around it.
   Unwielding it can cause banishment or high damage.
   It affects your intelligence (-2).
   It affects your dexterity (+3).
Armour
 b - a +0 scale mail
 c - a +0 kite shield (worn)
 g - a +0 plate armour (worn)
 h - a +0 cloak
 s - a +2 cloak (worn)
 y - a +2 pair of boots (worn)
Jewellery
 j - an uncursed ring of protection from cold
 o - an uncursed ring of wizardry
 q - a ring of resist corrosion (right hand)
 v - an uncursed amulet of the acrobat
 z - a cursed amulet of inaccuracy (around neck)
 F - an uncursed ring of stealth
 G - an uncursed amulet of reflection {unknown}
Wands
 l - a wand of paralysis (8)
 x - a wand of flame (12) {@v4}
 E - a wand of iceblast (11)
Scrolls
 e - 2 scrolls of teleportation {@r3}
 n - a scroll of fog
 D - a scroll of blinking
Potions
 d - 2 potions of might {@q3}
 f - a potion of degeneration
 i - 2 potions of cancellation
 k - a potion of brilliance
 p - a potion of haste {unknown}
 t - a potion of invisibility {unknown}
 A - a potion of flight
 C - a potion of berserk rage {unknown}


   Skills:
 + Level 6.8 Fighting
 - Level 16.1 Axes
 - Level 3.2 Armour
 + Level 6.1 Shields
 + Level 9.6 Invocations
 - Level 5.0 Evocations


You had 10 spell levels left.
You didn't know any spells.
Your spell library was empty.

Dungeon Overview and Level Annotations

Branches:
Dungeon (12/15)            Temple (1/1) D:7            Lair (2/6) D:11
 Spider (2/4) Lair:2
  Swamp: Lair:2-4    Shoals: Lair:2-4       Orc: D:9-12

Altars:
Ashenzari
Cheibriados
Dithmenos
Fedhas
Hepliaklqana
Kikubaaqudgha
Nemelex Xobeh
Okawaru
Qazlal
Ru
Sif Muna
Trog
Uskayaw
Wu Jian
Xom
Yredelemnul
The Shining One

Shops:
D:6 [

Portals:
Abyss: D:11

Annotations:
D:7 2 transporters, p0werm0de's ghost, novice GrFi


Innate Abilities, Weirdness & Mutations

You are resistant to damage.
You can heal yourself by infusing magical energy.
You passively map the area around you.
You do not regenerate.
You are partially covered in yellow scales. (AC +2)
Scrolls take you a little longer to read.


Message History

The entropy weaver hits you. You block the entropy weaver's attack.
You hit the tarantella but do no damage.
You hit the entropy weaver but do no damage.
Space warps horribly around the entropy weaver!!
The tarantella bites you. The entropy weaver hits you.
The entropy weaver hits you but does no damage. x3
The tarantella bites you!
The tarantella rages.
You slash the entropy weaver!
Space bends around the entropy weaver.
The entropy weaver is almost dead.
You slash the tarantella!
Space warps horribly around the tarantella!
The tarantella bites you but does no damage.
You block the entropy weaver's attack. x3; The entropy weaver hits you.
The moth of wrath goads the tarantella on!
The tarantella goes berserk!
You hit the entropy weaver but do no damage.
Space bends around the entropy weaver.
The entropy weaver is almost dead.
You closely miss the tarantella. You barely miss the tarantella.
The tarantella bites you.
The wolf spider rages.
You block the tarantella's attack.
The tarantella bites you but does no damage.
The tarantella bites you. The entropy weaver hits you. x2
The entropy weaver hits you but does no damage.
The entropy weaver hits you.
Your shield prevents you from hitting the entropy weaver.
The entropy weaver is almost dead.
You hit the tarantella but do no damage.
Space bends around the tarantella.
Your shield prevents you from hitting the tarantella.
You are no longer corroded.
You block the tarantella's attack. x2
The tarantella bites you but does no damage.
The entropy weaver closely misses you.
The entropy weaver hits you but does no damage.
You block the entropy weaver's attack.
The entropy weaver hits you but does no damage.
You hit the entropy weaver but do no damage.
Space bends around the entropy weaver.
The entropy weaver is almost dead.
You hit the tarantella.
Space bends around the tarantella.
You hit the tarantella.
Space bends around the tarantella.
The wolf spider is no longer berserk.
You block the tarantella's attack. x3
The tarantella bites you but does no damage.
The entropy weaver hits you but does no damage. x3
The entropy weaver hits you.
You slash the entropy weaver!
Space bends around the entropy weaver.
You kill the entropy weaver!
Training target 5.0 for Evocations reached!
Your Shields skill increases to level 6!
Your Evocations skill increases to level 5!
You closely miss the tarantella. You slash the tarantella!
You kill the tarantella!
You block the tarantella's attack. The tarantella bites you!
You barely miss the tarantella.
You hit the tarantella but do no damage.
Space warps horribly around the tarantella!
You closely miss the wolf spider. You block the tarantella's attack. x2
The wolf spider hits you. The wolf spider barely misses you.
The tarantella bites you! The tarantella bites you.
You are confused.
You're too confused!
Okay, then.
The tarantella bites you but does no damage.
The tarantella bites you!
You are more confused.
The wolf spider hits you but does no damage.
The wolf spider bites you. The tarantella bites you!!
* * * LOW HITPOINT WARNING * * *
There is a stone staircase leading up, spattered with blood here.
You closely miss the tarantella. You slash the wolf spider!
You barely miss the tarantella. The tarantella completely misses you.
The tarantella bites you but does no damage.
The wolf spider hits you but does no damage.
The wolf spider bites you.
* * * LOW HITPOINT WARNING * * *
You are poisoned.
The wolf spider poisons you! The tarantella bites you!
* * * LOW HITPOINT WARNING * * *
You're too confused!
You feel much better.
You feel very sick.
The tarantella bites you but does no damage.
The tarantella completely misses you. The tarantella bites you!
* * * LOW HITPOINT WARNING * * *
The wolf spider hits you but does no damage.
The wolf spider barely misses you. The tarantella barely misses you.
The tarantella bites you but does no damage.
You feel much better.
You feel sick. The tarantella bites you!
* * * LOW HITPOINT WARNING * * *
The wolf spider hits you but does no damage.
The wolf spider bites you.
* * * LOW HITPOINT WARNING * * *
The tarantella barely misses you. The tarantella bites you.
The wolf spider hits you!
* * * LOW HITPOINT WARNING * * *
The wolf spider barely misses you. The tarantella barely misses you.
You die...

.........##### * ,
............., ,, , *
...........##### ,
.........(.#.(.* . ∩
........s#(#.# #.# , *
, ,.......ss#(..#...#,
, ,
,.......##ss(...... *,
* , ,
/.......ys<....... ,
........##@......#*,,,
,
,..^[.....:....#..(,,
,.......##.(..## ..8,
, * , ,,....... .$...#
, , ≈.......##...# **
, , *≈,,......,.....
,, ,, .( ....#. ,* , ,
, , ... ,#...##., , *
, ,,, , ,* , * ,


You could see 2 wolf spiders, a moth of wrath and 3 tarantellas.

Vanquished Creatures
  An entropy weaver (Spider:2)
  The ghost of Woef the Cleaver, a journeyman DDFi of Makhleb (D:11)
  Erica (D:9)
  A large abomination (D:11)
  Pikel (D:7)
  2 ugly things (D:11)
  2 black mambas
  A gargoyle (D:11)
  A toenail golem (D:11)
  Joseph (D:9)
  A kobold demonologist (D:11)
  2 demonic crawlers (Spider:2)
  A komodo dragon (Lair:2)
  A jumping spider (Spider:2)
  A tyrant leech (Spider:2)
  A hornet (D:11)
  3 hippogriffs
  4 tarantellas
  3 redbacks
  4 yaks (D:10)
  Menkaure (D:7)
  2 water moccasins
  An orc warrior (D:11)
  2 sky beasts (D:7)
  3 ice beasts
  2 phantoms
  3 ogres
  5 boggarts (D:10)
  2 lemures (D:7)
  7 centaurs
  3 big kobolds
  A bullfrog (D:7)
  An earth elemental (Spider:2)
  2 small abominations (D:11)
  2 scorpions
  6 killer bees (D:10)
  2 quasits
  A bullfrog zombie (D:7)
  A jelly (D:10)
  An orc priest (D:8)
  4 hounds
  4 orc wizards
  Crazy Yiuf (D:7)
  4 worker ants
  A hound skeleton (D:10)
  4 worker ant zombies
  4 gnolls (D:3)
  9 adders
  A shadow imp (D:5)
  3 white imps
  2 ufetubi
  2 adder skeletons
  2 dart slugs
  6 leopard geckos
  20 orcs
  A giant cockroach (D:6)
  5 jackals
  19 kobolds
  3 quokkas
  2 bats
  A frilled lizard (D:5)
  2 goblin zombies (D:5)
  A jackal skeleton (D:9)
  A jackal zombie (D:6)
  A kobold skeleton (D:5)
  A kobold zombie (D:5)
  An orc skeleton (D:5)
  3 orc zombies (D:5)
  A quokka zombie (D:7)
  3 rats
193 creatures vanquished.

Vanquished Creatures (others)
  A tyrant leech (Spider:2)
  5 redbacks
  A tarantella (Spider:2)
  An earth elemental (Spider:2)
  A fungus (Lair:2)
  A plant (Lair:2)
10 creatures vanquished.

Grand Total: 203 creatures vanquished

Notes
Turn   | Place    | Note
-------+----------+-------------------------------------------
     0 | D:1      | EnegeticOcto the Deep Dwarf Fighter began the quest for the
                  | Orb.
     0 | D:1      | Reached XP level 1. HP: 20/20 MP: 1/1
     6 | D:1      | Noticed a swamp worm
     6 | D:1      | Noticed an anaconda
     6 | D:1      | Noticed a wyvern
   128 | D:2      | Reached skill level 3 in Axes
   128 | D:2      | Reached XP level 2. HP: 20/27 MP: 2/2
   162 | D:3      | Reached skill level 4 in Axes
   162 | D:3      | Reached XP level 3. HP: 22/33 MP: 3/3
   199 | D:3      | Reached XP level 4. HP: 34/40 MP: 3/3
   272 | D:4      | Reached skill level 5 in Axes
   391 | D:4      | Noticed an ogre
   397 | D:4      | Killed an ogre
   397 | D:4      | Reached skill level 6 in Axes
   397 | D:4      | Reached XP level 5. HP: 31/46 MP: 3/3
   420 | D:5      | Entered Level 5 of the Dungeon
   503 | D:5      | Found a glowing golden altar of the Shining One.
   536 | D:5      | Became a worshipper of the Shining One
   554 | D:5      | Reached skill level 7 in Axes
   554 | D:5      | Reached XP level 6. HP: 50/55 MP: 4/4
   646 | D:5      | Found a hazy altar of Hepliaklqana.
   705 | D:6      | Found Ugefic's Antique Armour Boutique.
   885 | D:7      | Noticed an orc warrior
   886 | D:7      | Noticed p0werm0de's ghost (novice GrFi)
   887 | D:7      | Noticed a hippogriff
   898 | D:7      | Reached skill level 8 in Axes
   903 | D:7      | Found a staircase to the Ecumenical Temple.
   916 | Temple   | Entered the Ecumenical Temple
  1023 | D:7      | Found a sacrificial altar of Ru.
  1027 | D:7      | Noticed a sky beast
  1032 | D:7      | Reached skill level 1 in Invocations
  1032 | D:7      | Reached XP level 7. HP: 48/61 MP: 5/5
  1070 | D:7      | Reached skill level 9 in Axes
  1076 | D:7      | Noticed Menkaure
  1076 | D:7      | Reached * piety under the Shining One
  1083 | D:7      | Killed Menkaure
  1126 | D:7      | Found a runed translucent door.
  1127 | D:7      | Noticed Crazy Yiuf
  1134 | D:7      | Killed Crazy Yiuf
  1193 | D:7      | Found a transporter.
  1196 | D:7      | Found a transporter.
  1232 | D:7      | Noticed Pikel
  1253 | D:7      | Killed Pikel
  1253 | D:7      | Reached skill level 10 in Axes
  1253 | D:7      | Reached skill level 5 in Invocations
  1253 | D:7      | Reached XP level 8. HP: 47/68 MP: 7/10
  1331 | D:7      | Gained mutation: Scrolls take you a little longer to read.
                  | [potion of mutation]
  1331 | D:7      | Gained mutation: Your mind is acute. (Int +2) [potion of
                  | mutation]
  1332 | D:7      | Lost mutation: Scrolls take you a little longer to read.
                  | [potion of mutation]
  1332 | D:7      | Lost mutation: Your mind is acute. (Int +2) [potion of
                  | mutation]
  1332 | D:7      | Gained mutation: Scrolls take you a little longer to read.
                  | [potion of mutation]
  1332 | D:7      | Gained mutation: You are partially covered in yellow
                  | scales. (AC +2) [potion of mutation]
  1412 | D:8      | Reached skill level 11 in Axes
  1451 | D:9      | Reached ** piety under the Shining One
  1457 | D:9      | Noticed Joseph
  1477 | D:9      | Gained mutation: You passively map the area around you.
                  | [Deep Dwarf growth]
  1477 | D:9      | Reached XP level 9. HP: 49/74 MP: 9/12
  1477 | D:9      | Noticed Erica
  1486 | D:9      | Killed Joseph
  1495 | D:9      | Killed Erica
  1495 | D:9      | Reached skill level 12 in Axes
  1548 | D:10     | Entered Level 10 of the Dungeon
  1573 | D:10     | Reached skill level 13 in Axes
  1601 | D:10     | Noticed a gargoyle
  1603 | D:10     | Noticed a troll
  1646 | D:10     | Reached XP level 10. HP: 49/81 MP: 13/13
  1962 | D:10     | Reached skill level 14 in Axes
  2093 | D:11     | Reached skill level 15 in Axes
  2141 | D:11     | Noticed a purple ugly thing
  2155 | D:11     | Killed a purple ugly thing
  2307 | D:11     | Found a transporter.
  2326 | D:11     | Noticed Woef's ghost (journeyman DDFi)
  2326 | D:11     | Noticed a large abomination
  2326 | D:11     | Noticed a toenail golem
  2326 | D:11     | Found a one-way gate to the infinite horrors of the Abyss.
  2327 | D:11     | Identified the +5 war axe "Ball" {distort, Int-2 Dex+3}
  2342 | D:11     | Killed Woef's ghost
  2348 | D:11     | Killed a toenail golem
  2352 | D:11     | Killed a large abomination
  2352 | D:11     | Reached skill level 16 in Axes
  2352 | D:11     | Reached XP level 11. HP: 58/92 MP: 11/13
  2379 | D:11     | Found a transporter.
  2635 | D:11     | Noticed a brown ugly thing
  2652 | D:11     | Killed a brown ugly thing
  2652 | D:11     | Reached skill level 5 in Fighting
  2673 | D:11     | Found a staircase to the Lair.
  2683 | Lair:1   | Entered Level 1 of the Lair of Beasts
  2826 | Lair:2   | Reached skill level 1 in Evocations
  2910 | Lair:2   | Found a hole to the Spider Nest.
  2921 | Spider:1 | Entered Level 1 of the Spider Nest
  2923 | Spider:1 | Noticed an orb spider
  2929 | Spider:1 | Noticed an orb spider
  2938 | Spider:1 | Noticed a wolf spider
  2938 | Spider:2 | Reached *** piety under the Shining One
  2951 | Spider:2 | Noticed a wolf spider
  2951 | Spider:2 | Noticed an entropy weaver
  2956 | Spider:2 | Noticed a wolf spider
  2957 | Spider:2 | Banished a wolf spider
  2957 | Spider:2 | Reached skill level 5 in Shields
  2963 | Spider:2 | Noticed a wolf spider
  2989 | Spider:2 | Killed an entropy weaver
  2989 | Spider:2 | Reached skill level 5 in Evocations
  2994 | Spider:2 | HP: 2/99 [wolf spider (10)]
  2995 | Spider:2 | Succumbed to a wolf spider's poison

Illustrated notes

Levels and vault maps discovered:
D:1:      onia_arrival_zoo_common, layout_basic, serial_bayou_pond_d,
          minmay_tree_intersection, evilmike_ruin_ashenzari
D:2:      layout_loops_corners, grunt_ministairs_15
D:3:      layout_basic, gammafunk_ghost_grave, minmay_misc_feat_secret_circle,
          corexii_leaking_fountain, uniq_grinder
D:4:      layout_rooms, makhleb_altar_promises_db, elyvilon_altar_3, uniq_robin
D:5:      layout_rooms, lemuel_crystal_altar, portal_sewer_entry_b,
          nicolae_tso_besieged_by_evil
D:6:      layout_loops_corners, basic_altar, serial_shops, nicolae_shop_stone
D:7:      layout_cave_pools, nicolae_ru_sacrificial_ziggurat,
          minmay_temple_entry_mini_moons, gammafunk_ghost_arena, hex_medium,
          uniq_menkaure, uniq_pikel, uniq_crazy_yiuf_cottage
D:8:      layout_loops_ring, grunt_temple_overflow_gold_and_silver,
          serial_shops, shop, uniq_prince_ribbit1
D:9:      layout_loops_ring, vehumet_statue, serial_shops, shop, uniq_erica,
          uniq_joseph
D:10:     layout_basic, minmay_misc_feat_tiny
D:11:     layout_irregular_city, lair_entry_dummy,
          gammafunk_ghost_abyssal_escape
D:12:     layout_basic, nicolae_blasting_shop, uniq_fannar, uniq_sonja,
          uniq_kirke
Temple:   regret_index_temple_generic_petals
Lair:1:   layout_loops_ring, hibernation_bobbens
Lair:2:   layout_cave_pods, minmay_swamp_entry_worms,
          spider_nest_entry_web_field
Spider:1: layout_spider_delve, uniq_rupert, uniq_josephine
Spider:2: layout_spider_delve, portal_ice_cave_entry_pillars_1, drop_trap,
          hangedman_stitches_earthworm

Skill      XL: |  1  2  3  4  5  6  7  8  9 10 11 |
---------------+----------------------------------+-----
Axes           | 3 4 6 7 8 10 11 13 16 | 16.1
Invocations    | 1 5 6 8 9 |  9.6
Fighting       | 4 6 |  6.8
Shields        | 6 |  6.1
Evocations     | 5 |  5.0
Armour         | |  3.2

Action                   |  1- 3 |  4- 6 |  7- 9 | 10-12 || total
-------------------------+-------+-------+-------+-------++-------
Melee: War axe           |    62 |   133 |   199 |   188 ||   582
       Broad axe         |       |       |       |    57 ||    57
Invok: Divine Shield     |       |       |     1 |     4 ||     5
 Abil: Heal Wounds       |     2 |     2 |     8 |    16 ||    28
  Use: Scroll            |       |     4 |     2 |     9 ||    15
       Potion            |       |       |     2 |     6 ||     8
Armor: Scale mail        |    35 |    43 |       |       ||    78
       Plate armour      |       |    23 |   158 |   192 ||   373
Dodge: Dodged            |    22 |    42 |    51 |    46 ||   161
Block: Kite shield       |    44 |    66 |   159 |   204 ||   473

Table legend: (Time is in decaauts)
 A = Elapsed time spent in this place.
 B = Non-inter-level travel time spent in this place.
 C = Inter-level travel time spent in this place.
 D = Time resting spent in this place.
 E = Time spent auto-exploring this place.
 F = Levels seen in this place.
 G = Mean time per level.
                   A        B        C        D        E       F      G
               +--------+--------+--------+--------+--------+-----+--------+
         Total |   3020 |   2989 |     31 |      0 |      0 |  17 |  177.6 |
       Dungeon |   2634 |   2603 |     31 |      0 |      0 |  12 |  219.5 |
        Temple |     91 |     91 |      0 |      0 |      0 |   1 |   91.0 |
          Lair |    230 |    230 |      0 |      0 |      0 |   2 |  115.0 |
   Spider Nest |     63 |     63 |      0 |      0 |      0 |   2 |   31.5 |
               +--------+--------+--------+--------+--------+-----+--------+

Top non-repeatable levels by time:
    D:11: 614 daAuts
     D:7: 377 daAuts
     D:5: 275 daAuts
     D:6: 252 daAuts
     D:9: 245 daAuts
    D:10: 220 daAuts
     D:4: 170 daAuts
     D:8: 149 daAuts
     D:3: 138 daAuts
  Lair:1: 124 daAuts
  Lair:2: 105 daAuts
  Temple: 91 daAuts
     D:2: 80 daAuts
     D:1: 69 daAuts
Spider:2: 48 daAuts
